 Dungeon Crawl Stone Soup version 0.13-a0-2477-geaae114 (webtiles) character file.

6562 Rycklaryybbe the Cleaver (level 10, -2/72 HPs)
             Began as a Demonspawn Gladiator on July 19, 2013.
             Was a Priest of Makhleb.
             Slain by a wyvern (11 damage)
             ... on Level 8 of the Dungeon.
             The game lasted 00:50:13 (10804 turns).

Rycklaryybbe the Cleaver (Demonspawn Gladiator)    Turns: 10804, Time: 00:50:13

HP  -2/72        AC 18     Str 18      XL: 10   Next: 59%
MP  14/14        EV  8     Int 10      God: Makhleb [***...]
Gold 422         SH 20     Dex 14      Spells:  0 memorised,  9 levels left

Res.Fire  : . . .   See Invis. : .   k - +2 war axe
Res.Cold  : . . .   Warding    : +   B - +1 plate armour {rPois}
Life Prot.: + . .   Conserve   : .   L - +0 shield
Res.Poison: +       Res.Corr.  : .   (helmet restricted)
Res.Elec. : .       Clarity    : .   U - +0 cloak
Sust.Abil.: . .     Spirit.Shd : .   (no gloves)
Res.Mut.  : .       Stasis     : .   (no boots)
Res.Rott. : .       Flight     : .   i - cursed amulet of warding
Saprovore : . . .                    y - +3 ring of protection
                                     p - +5 ring of evasion

@: invisible, very slightly contaminated, drained, somewhat resistant to hostile
enchantments, extremely unstealthy
A: antennae 1, powered by death 1, spiny 1
a: Minor Destruction, Lesser Servant of Makhleb, Renounce Religion


You were on level 8 of the Dungeon.
You worshipped Makhleb.
Makhleb was greatly pleased with you.
You were very hungry.

You visited 2 branches of the dungeon, and saw 9 of its levels.

You collected 492 gold pieces.
You spent 90 gold pieces at shops.

Inventory:

Hand weapons
 e - a +0,+0 war axe
 h - the +3,+6 dagger "Engu" (quivered) {stab, +Inv}
   (You found it on level 7 of the Dungeon)

   It inflicts extra damage upon your enemies.
   It lets you turn invisible.
 k - a +2,+2 war axe (weapon)
 r - a +1,+0 whip of draining
 F - a +3,+4 dagger of chaos
 O - a +0 blowgun
Missiles
 o - 2 throwing nets
 s - 2 throwing nets [torn]
 P - 59 poisoned needles
Armour
 b - a +0 leather armour
 c - a +0 helmet
 x - a +0 steam dragon hide
 B - a +1 plate armour of poison resistance (worn)
 L - a +0 shield (worn)
 U - a +0 cloak (worn)
Magical devices
 q - a wand of invisibility (7)
 v - a wand of frost (6)
 D - a wand of teleportation (5)
 J - a wand of enslavement (4) {unknown}
 W - a wand of lightning (5) {unknown}
Comestibles
 f - 4 bread rations
 m - 2 chunks of gnoll flesh
 n - 3 meat rations
 Q - a royal jelly
Scrolls
 d - 5 scrolls of remove curse
 j - 2 scrolls of identify
 u - a scroll of enchant armour
 z - a scroll of fog
 A - 2 scrolls of recharging
 C - 4 scrolls of teleportation
 E - 4 scrolls of enchant weapon II
 N - a scroll of immolation
 S - 3 scrolls of enchant weapon I
Jewellery
 i - a cursed amulet of warding (around neck)
 l - an uncursed amulet of stasis
 p - a +5 ring of evasion (left hand)
 y - a +3 ring of protection (right hand)
 T - an uncursed amulet of resist mutation
Potions
 a - a potion of slowing
 g - a potion of restore abilities
 I - a potion of poison {unknown}
Books
 w - a book of Clouds

   Spells                             Type                      Level
   Mephitic Cloud                     Conjuration/Poison/Air       3
   Conjure Flame                      Conjuration/Fire             3
   Poisonous Cloud                    Conjuration/Poison/Air       6
   Freezing Cloud                     Conjuration/Ice/Air          6
   Ring of Flames                     Charms/Fire                  7
Magical staves
 H - an uncursed staff of power


   Skills:
 + Level 4.5(4.3) Fighting
 - Level 11.2(11.0) Axes
 * Level 0.3(0.1) Maces & Flails
 - Level 1.7(1.5) Throwing
 - Level 6.9(6.7) Armour
 - Level 2.6(2.4) Dodging
 - Level 5.1(4.9) Shields
 - Level 3.1(2.9) Invocations


You had 9 spell levels left.
You didn't know any spells.

Dungeon Overview and Level Annotations

Branches:
Dungeon (8/27)             Temple (1/1) D:7
    Orc: D:6-11        Lair: D:8-13

Altars:
Fedhas
Kikubaaqudgha
Makhleb
Xom
Yredelemnul

Shops:
D:4: ! D:5: ? D:7: /


Innate Abilities, Weirdness & Mutations

You have a pair of small antennae on your head.
You can steal the life force of nearby defeated enemies.
You are partially covered in sharp spines.


Message History

The wyvern bites you.
* * * LOW HITPOINT WARNING * * *
The wyvern bites you but does no damage.
Drink which item? (? for menu, Esc to quit)
Okay, then.
You block the wyvern's attack.
You hit the wyvern.
The wyvern is heavily wounded.
The wyvern bites you!
* * * LOW HITPOINT WARNING * * *
Drink which item? (? for menu, Esc to quit)
Okay, then.
Evoke which item? (* to show all) (? for menu, Esc to quit)
Zapping:
q - a wand of invisibility {recharged}
Press: ? - help, Shift-Dir - straight line, f - you You fade into invisibility!
You are very lightly contaminated with residual magic.
You block the wyvern's attack. The wyvern barely misses you.
The wyvern bites you!
You die...

.##.....##.#.#{ #........♣###♣..
.##.....##.#.## ###........♣♣♣...
.##.....##.#.#H#.###...♣.........
)##...####.#.##{## #..♣#♣.......♣
.##...# #.#.#.#{# #...♣....♣....
.##...####.#.##{## ##......♣#♣...
...........#.#.#.###.#......♣....
..#.##...###.##D###.#####.......#
..#.##...###.#.#@#.## ##.....##
..#......'...##.#.##########.###
...###...###.#.#)#[#.#.#.#.#.#
...# #...# #.##.#.#.#.#.#.##.#
...# #...# #.#.#.#.#.#.#.#.#.#
...###...###.###############.####
.................................
##..########.#.#.#...######.##.#.
#.....).....#.#.........#.......


You could see a wyvern.

Vanquished Creatures
  The ghost of lorenz the Chiller, an experienced MfIE of Vehumet (D:7)
  The ghost of ilii the Slicer, an experienced KoAr (D:6)
  Psyche (D:8)
  A wyvern (D:8)
  A steam dragon (D:7)
  A hungry ghost (D:7)
  A necrophage (D:7)
  An ice beast (D:8)
  3 orc warriors
  2 sky beasts
  A black bear (D:7)
  A phantom (D:7)
  5 ogres
  4 centaurs
  A crocodile (D:8)
  Sigmund (D:2)
  Duvessa (D:5)
  11 giant frogs
  A manticore skeleton (D:7)
  A yak zombie (D:8)
  A vampire bat (D:5)
  10 killer bees (D:8)
  Dowan (D:5)
  A goliath beetle (D:8)
  4 crimson imps
  A gnoll shaman (D:8)
  3 giant frog zombies
  5 iguanas
  3 orc priests
  A giant frog skeleton (D:7)
  A scorpion (D:8)
  5 hounds
  6 orc wizards
  A water moccasin skeleton (D:8)
  6 worker ants
  Jessica (D:3)
  A hound skeleton (D:7)
  3 jellies
  Terence (D:3)
  4 gnolls (D:8)
  12 adders
  4 worms
  3 giant mites
  A scorpion zombie (D:7)
  3 fire bats (D:5)
  A giant eyeball (D:5)
  5 giant geckos
  33 orcs
  2 spectral bats (D:5)
  2 ball pythons (D:3)
  A bat simulacrum (D:5)
  3 bat skeletons (D:5)
  A bat zombie (D:5)
  11 giant cockroaches
  8 goblins
  13 hobgoblins
  4 jackals
  5 quokkas
  17 bats
  8 giant newts
  2 hobgoblin skeletons
  A hobgoblin zombie (D:7)
  21 kobolds
  A kobold zombie (D:8)
  An orc skeleton (D:8)
  A quokka skeleton (D:7)
  20 rats
283 creatures vanquished.

Vanquished Creatures (others)
  An orc wizard (D:7)
1 creature vanquished.

Grand Total: 284 creatures vanquished

Notes
Turn   | Place    | Note
--------------------------------------------------------------
     0 | D:1      | Rycklaryybbe, the Demonspawn Gladiator, began the quest for the Orb.
     0 | D:1      | Reached XP level 1. HP: 17/17 MP: 0/0
   229 | D:1      | Reached skill level 3 in Axes
   879 | D:1      | Gained mutation: You can steal the life force of nearby defeated enemies. [demonic ancestry]
   879 | D:1      | Reached XP level 2. HP: 23/23 MP: 1/1
  1766 | D:2      | Reached XP level 3. HP: 28/28 MP: 2/2
  1963 | D:2      | Reached skill level 4 in Axes
  2276 | D:2      | Noticed Sigmund
  2434 | D:3      | Reached XP level 4. HP: 23/35 MP: 3/3
  3021 | D:3      | Reached skill level 5 in Axes
  3316 | D:3      | Reached skill level 1 in Armour
  3316 | D:3      | Reached XP level 5. HP: 16/40 MP: 4/4
  3458 | D:3      | Noticed Terence
  3627 | D:3      | Killed Terence
  3944 | D:3      | Noticed Jessica
  3952 | D:3      | Killed Jessica
  4685 | D:4      | Gained mutation: You are partially covered in sharp spines. [demonic ancestry]
  4685 | D:4      | Reached XP level 6. HP: 46/46 MP: 5/5
  4705 | D:4      | Found Goaxoej's Distillery.
  4715 | D:4      | Bought a potion of curing for 24 gold pieces
  4715 | D:4      | Bought a potion of might for 30 gold pieces
  4715 | D:4      | Bought a potion of heal wounds for 36 gold pieces
  4931 | D:2      | Killed Sigmund
  5033 | D:5      | Entered Level 5 of the Dungeon
  5087 | D:5      | Reached XP level 7. HP: 38/51 MP: 6/6
  5199 | D:5      | Reached skill level 6 in Axes
  5312 | D:5      | Found Caeqeit's Magic Scroll Emporium.
  5574 | D:5      | Found an ancient bone altar of Kikubaaqudgha.
  5593 | D:5      | Noticed Duvessa
  5594 | D:5      | Noticed Dowan
  5623 | D:5      | Killed Duvessa
  5655 | D:5      | Killed Dowan
  5952 | D:5      | Reached skill level 5 in Armour
  6169 | D:5      | Reached skill level 7 in Axes
  6169 | D:5      | Gained mutation: You have a pair of small antennae on your head. [demonic ancestry]
  6169 | D:5      | Reached XP level 8. HP: 56/58 MP: 7/7
  7051 | D:6      | Noticed ilii's ghost (experienced KoAr)
  7090 | D:6      | Killed ilii's ghost
  7090 | D:6      | Reached skill level 8 in Axes
  7232 | D:6      | Found a blossoming altar of Fedhas.
  7282 | D:6      | Found a shimmering altar of Xom.
  7283 | D:6      | Found a burning altar of Makhleb.
  7290 | D:6      | Became a worshipper of Makhleb the Destroyer
  7403 | D:6      | Reached XP level 9. HP: 59/63 MP: 8/8
  7553 | D:7      | Reached skill level 9 in Axes
  7644 | D:7      | Found a staircase to the Ecumenical Temple.
  7667 | D:7      | Found Cedwad's Magical Wand Shoppe.
  7986 | Temple   | Entered the Ecumenical Temple
  8068 | D:7      | Reached skill level 10 in Axes
  8078 | D:7      | Acquired Makhleb's first power
  8236 | D:7      | Noticed lorenz's ghost (experienced MfIE)
  8435 | D:7      | Reached skill level 1 in Shields
  8503 | D:7      | Got a smoking dagger
  8504 | D:7      | Identified the dagger "Engu" {stab, +Inv} (You found it on level 7 of the Dungeon)
  8585 | D:7      | Killed lorenz's ghost
  9183 | D:8      | Reached XP level 10. HP: 63/69 MP: 9/9
  9242 | D:8      | Acquired Makhleb's second power
  9410 | D:8      | Reached skill level 5 in Shields
  9506 | D:8      | Noticed Psyche
  9543 | D:8      | Killed Psyche
  9548 | D:8      | Reached skill level 11 in Axes
  9797 | D:8      | Acquired Makhleb's third power
 10067 | D:8      | Reached skill level 1 in Invocations
 10804 | D:8      | Slain by a wyvern

Action                   |  1- 3 |  4- 6 |  7- 9 | 10-12 || total
-------------------------+-------+-------+-------+-------++-------
Melee: Hand axe          |   163 |   211 |    13 |       ||   387
       Battleaxe         |       |    66 |   395 |       ||   461
       War axe           |       |       |   112 |   269 ||   381
       Dagger            |       |       |       |    62 ||    62
       Whip              |       |       |       |    21 ||    21
Throw: Throwing net      |     4 |     6 |     3 |     1 ||    14
       Dagger            |       |     2 |     2 |     1 ||     5
       Hand axe          |       |       |     3 |       ||     3
Evoke: Wand              |       |       |     1 |     1 ||     2
  Use: Potion            |       |     6 |     3 |     1 ||    10
       Scroll            |       |    12 |     6 |     4 ||    22
 Stab: Held in net/web   |     2 |     2 |     2 |       ||     6
       Sleeping          |     1 |       |     1 |       ||     2
